 Dungeon Crawl Stone Soup version 0.19-a0-376-gf780d9b (webtiles) character file.

25 Loading the Ruffian (level 3, -5/31 HPs)
             Began as a Ghoul Monk on May 30, 2016.
             Slain by Sigmund
             ... wielding a +0 scythe
              (6 damage)
             ... on level 2 of the Dungeon.
             The game lasted 00:02:35 (807 turns).

Loading the Ruffian (Ghoul Monk)                     Turns: 807, Time: 00:02:35

Health: -5/31      AC:  8    Str: 11 (14) XL:     3   Next: 4%
Magic:  2/2        EV: 11    Int:  8 (10) God:
Gold:   11         SH:  0    Dex: 11 (12) Spells: 0 memorised, 2 levels left

rFire  . . .     SeeInvis .       - Unarmed
rCold  + . .     Gourm    .     f - +3 ring mail
rNeg   + + +     Faith    .     (no shield)
rPois  ∞         Spirit   .     (no helmet)
rElec  .         Dismiss  .     (no cloak)
rCorr  .         Reflect  .     (no gloves)
SustAt .         Harm     .     (no boots)
MR     .....                    (no amulet)
Stlth  ..........               (no ring)
                                (no ring)

@: confused, brilliant, very slightly contaminated, rotting, hasted, very quick,
not resistant to hostile enchantments, extremely unstealthy
A: rotting body, claws 1, carnivore 3, cold resistance 1, negative energy
resistance 3, slow regeneration 1, torment resistance, unbreathing
a: no special abilities


You were on level 2 of the Dungeon.
You were not hungry.

You visited 1 branch of the dungeon, and saw 2 of its levels.

You collected 11 gold pieces.

Inventory:

Armour
 a - a +0 robe
 f - a +3 ring mail (worn)
Scrolls
 d - 2 scrolls of remove curse {unknown}
 g - 2 scrolls of recharging {unknown}
 i - a scroll of amnesia {unknown}
 j - a scroll of magic mapping {unknown}
 m - a scroll of identify {unknown}
Potions
 k - a potion of ambrosia
Comestibles
 b - 2 meat rations
 l - 2 chunks of flesh


   Skills:
 + Level 3.4 Fighting
 + Level 2.9 Dodging
 + Level 3.0 Stealth
 * Level 4.6 Unarmed Combat


You had 2 spell levels left.
You didn't know any spells.

Dungeon Overview and Level Annotations

Branches:
Dungeon (2/15)

Altars:
Qazlal

Annotations:
D:2 Sigmund


Innate Abilities, Weirdness & Mutations

Your body is rotting away.
You thrive on raw meat.
You are immune to poison.
You have sharp fingernails.
You are carnivorous and can eat meat at any time.
Your flesh is cold resistant. (rC+)
You are immune to negative energy. (rN+++)
You regenerate slowly when monsters are visible.
You are immune to unholy pain and torment.
You can survive without breathing.


Message History

You scratch something. The goblin hits you but does no damage.
You claw something! The worm closely misses you.
The goblin hits you but does no damage. Something hits you!
* * * LOW HITPOINT WARNING * * *
Your ring mail prevents you from hitting something.
You barely miss something. The goblin hits you but does no damage.
You scratch something.
You hear some strange, mumbled words.
You are confused.
The worm bites you but does no damage.
You completely miss something. The goblin closely misses you.
Something hits you but does no damage.
You miss something. The worm barely misses you. The goblin misses you.
You closely miss the goblin. Something hits you but does no damage.
The goblin hits you.
* * * LOW HITPOINT WARNING * * *
You scratch the goblin.
You kill the goblin!
Something hits you.
You die...

.. ##. .## #.. #...# #.#
#...### ##.##### #.....
#......#####...###
#..###.#.......... ##
#..#[(............ .#..
##@.#.#.#..........
.....###{w#..#.####....÷..
.......).###..[####....#.#
#####..## ##....##....#.#
##..###.##._##....#.#
##..#.####.##......#
#.#%##.........####
#.#.##.##.######
..#.......#


You could see a worm.

Vanquished Creatures
  A giant gecko (D:1)
  3 goblins
  7 hobgoblins
  6 kobolds (D:1)
  A quokka (D:2)
  3 rats (D:1)
21 creatures vanquished.

Notes
Turn   | Place    | Note
--------------------------------------------------------------
     0 | D:1      | Loading the Ghoul Monk began the quest for the Orb.
     0 | D:1      | Reached XP level 1. HP: 19/19 MP: 0/0
   161 | D:1      | Reached XP level 2. HP: 26/26 MP: 1/1
   736 | D:2      | Found a stormy altar of Qazlal.
   754 | D:2      | Reached XP level 3. HP: 31/31 MP: 2/2
   759 | D:2      | Noticed Sigmund
   805 | D:2      | HP: 1/31 [goblin (3)]
   807 | D:2      | Slain by Sigmund

Vault maps used:
D:1:      scummos_arrival_star, corexii_corridor_pit
D:2:      lemuel_zombie_altar_kikubaaqudgha, overflow_temple_1_default,
          lemuel_blue_sif_altar, uniq_terence, uniq_sigmund

Skill      XL: |  1  2 |
---------------+-------+-----
Stealth        | 3 |  3.0
Fighting       | |  3.4
Dodging        | |  2.9
Unarmed Combat | |  4.6

Action                   || total
-------------------------++-------
Melee: Unarmed           ||    71
  Use: Potion            ||     4
 Stab: Sleeping          ||     1
  Eat: Chunk             ||     4
Armor: Robe              ||     1
       Ring mail         ||    18
Dodge: Dodged            ||    42
